 Dungeon Crawl Stone Soup version 0.30-a0-1094-g860fb061e7 (webtiles) character file.

Game seed: 17813854667714889914

78861 Newt the Basher (level 15, -1/117 HPs)
             Began as a Demonspawn Gladiator on Apr 17, 2023.
             Was the Champion of Makhleb.
             Succumbed to a swamp dragon's poison gas
             ... on level 2 of the Lair of Beasts.
             The game lasted 00:35:38 (25704 turns).

Newt the Basher (Demonspawn Gladiator)             Turns: 25704, Time: 00:35:38

Health: -1/117     AC: 13    Str: 25    XL:     15   Next: 19%
Magic:  28/31      EV: 11    Int: 12    God:    Makhleb [******]
Gold:   513        SH: 17    Dex: 20    Spells: 23/28 levels left

rFire   + . .      SeeInvis .    S - +1 demon whip (venom)
rCold   + . .      Faith    +    r - +0 kite shield
rNeg    + . .      Spirit   .    K - +0 troll leather armour of the Farmer {Regen+ Str+3}
rPois   .          Reflect  .    d - +2 hat {Int+3}
rElec   .          Rampage  .    E - scarf of the Villain {rC+ rF+, Dex+5}
rCorr   .                        (no gloves)
Will    +....                    F - +0 pair of boots
Stlth   +                        y
                                   - Hermit's Pendant {Faith Invo=14 Evo=0 MP+5}
HPRegen 1.19/turn                l - +4 ring of protection
MPRegen 0.22/turn                n - ring of positive energy

@: lethally poisoned (-1 -> -34), very slightly contaminated
A: hooves 1, large bone plates 2, spiny 2, demonic magic 2
a: Renounce Religion, Minor Destruction, Lesser Servant of Makhleb, Major
Destruction, Greater Servant of Makhleb


You were on level 2 of the Lair of Beasts.
You worshipped Makhleb.
Makhleb was exalted by your worship.
You visited 5 branches of the dungeon, and saw 19 of its levels.
You also visited: Ossuary.

You collected 1773 gold pieces.
You spent 1260 gold pieces at shops.

Inventory:

Hand Weapons
 a - a +2 flail of freezing
 b - a +3 whip of venom
 e - a +0 rapier of venom
 L - a +2 morningstar of flaming
 S - a +1 demon whip of venom (weapon)
Missiles
 z - 2 silver javelins
 G - a javelin
Armour
 d - a +2 hat of intelligence (worn)
 o - a +3 scale mail of poison resistance
 r - a +0 kite shield (worn)
 v - a +0 cloak
 w - the +0 ring mail "Waod Ceo" {rElec}
   (You found it on level 3 of the Dungeon)

   rElec:     It insulates you from electricity.
 E - the scarf of the Villain (worn) {rC+ rF+, Dex+5}
   (You bought it in a shop on level 2 of the Orcish Mines)

   Dex:       It affects your dexterity (+5).
 F - a +0 pair of boots (worn)
 K - the +0 troll leather armour of the Farmer (worn) {Regen+ Str+3}
   (You bought it in a shop on level 2 of the Orcish Mines)

   Str:       It affects your strength (+3).
   Regen:     It increases your rate of health regeneration.
 M - a +0 crystal plate armour
 U - a +3 leather armour of willpower
Jewellery
 l - a +4 ring of protection (left hand)
 n - a ring of positive energy (right hand)
 t - an amulet of magic regeneration
 y - the Hermit's Pendant (around neck) {Faith Invo=14 Evo=0 MP+5}
   (You found it on level 5 of the Dungeon)

   [amulet of faith]

   Invo=14: It sets your Invocations skill to 14.
   Evo=0: It sets your Evocations skill to 0.
   It allows you to gain divine favour quickly.
   MP:        It affects your magic capacity (+5).
 N - a ring of see invisible
Wands
 c - a wand of paralysis (3)
 H - a wand of flame (31)
 J - a wand of polymorph (1)
 P - a wand of mindburst (8)
 T - a wand of digging (5)
 V - a wand of iceblast (14)
 Z - a wand of quicksilver (8)
Scrolls
 k - a scroll of blinking
 m - 3 scrolls of teleportation
 p - 7 scrolls of poison
 q - 14 scrolls of fog
 s - a scroll of silence
 x - a scroll of summoning
 W - a scroll of magic mapping
 Y - a scroll of identify
Potions
 f - 2 potions of curing
 g - 2 potions of invisibility
 h - 2 potions of mutation
 j - 3 potions of berserk rage
 u - 4 potions of flight
 A - a potion of brilliance
 B - a potion of magic
 C - 2 potions of haste
 D - a potion of cancellation
 I - a potion of might
 O - a potion of attraction
 Q - 5 potions of ambrosia
 X - a potion of lignification


   Skills:
 - Level 10.5 Fighting
 - Level 2.6 Short Blades
 - Level 12.7 Maces & Flails
 - Level 1.7 Throwing
 + Level 11.6 Armour
 - Level 2.6 Dodging
 - Level 5.9 Shields
 - Level 7.3 Spellcasting
 - Level 7.3 Transmutations
 - Level 6.4 Fire Magic
 - Level 7.0 Poison Magic


You had 23 spell levels left.
You knew the following spells:

 Your Spells              Type           Power      Damage    Failure   Level
a - Wereblood             Tmut           22%        N/A       3%          2
b - Ignite Poison         Fire/Tmut/Pois 21%        N/A       9%          3

Your spell library contained the following spells:

 Spells                   Type           Power      Damage    Failure   Level
 Beastly Appendage        Tmut           44%        N/A       2%          1
 Spider Form              Tmut/Pois      21%        N/A       8%          3
 Cigotuvi's Dreadful Rot  Necr/Pois/Air  20%        N/A       26%         2
 Apportation              Tloc           8%         N/A       43%         1
 Kiss of Death            Conj/Necr      16%        2d6       43%         1
 Necrotise                Necr           16%        1d4       43%         1
 Summon Small Mammal      Summ           16%        N/A       43%         1
 Confusing Touch          Hex            4%         N/A       80%         3
 Summon Guardian Golem    Hex/Summ       4%         N/A       80%         3
 Animate Dead             Necr           4%         N/A       99%         4
 Dispel Undead            Necr           4%         3d7       99%         4
 Borgnjor's Vile Clutch   Necr/Erth      2%         N/A       100%        5
 Freezing Cloud           Conj/Ice/Air   2%         6-21      100%        5
 Death Channel            Necr           2%         N/A       100%        6
 Orb of Destruction       Conj           2%         9d5       100%        7
 Spellforged Servitor     Conj/Summ      2%         N/A       100%        7


Dungeon Overview and Level Annotations

Branches:
Dungeon (10/15)            Temple (1/1) D:6            Lair (5/5) D:9
  Swamp (1/4) Lair:2       Spider (0/4) Lair:3        Slime (0/5) Lair:5
    Orc (2/2) D:9             Elf (0/3) Orc:2       Ossuary (visited)

Altars:
Ashenzari
Cheibriados
Dithmenos
Fedhas
Gozag
Hepliaklqana
Kikubaaqudgha
Makhleb
Nemelex Xobeh
Okawaru
Qazlal
Ru
Sif Muna
Trog
Uskayaw
Vehumet
Wu Jian
Xom
Yredelemnul

Shops:
D:6 *   D:10 !   Orc:2 [=(*

Annotations:
D:8 1 runed translucent door
D:10 4 transporters
Lair:3 exclusion: 4 oklob plants


Innate Abilities, Weirdness & Mutations

You have large cloven feet.
You are mostly covered in large bone plates. (SH +6)
You are mostly covered in sharp spines.
Spells you cast may paralyse nearby enemies.


Message History

You miscast Ignite Poison.
You are very lightly contaminated with residual magic.
Nothing appears to happen.
* * * LOW HITPOINT WARNING * * *
You feel extremely sick.
The swamp dragon breathes poison at you.
The blast of poison engulfs you.
You are more poisoned.
* * * LOW HITPOINT WARNING * * *
Unknown command.
Unknown command.
Unknown command.
You feel better.
You are engulfed in poison gas.
You are poisoned.
* * * LOW HITPOINT WARNING * * *
You feel very sick. You block the swamp dragon's attack. x3
Unknown command.
Aiming: Major Destruction (0% risk of failure)
Press: ? - help, Shift-Dir - straight line, f/p - swamp dragon
Aim: a swamp dragon (poison gas, severely wounded, very poisoned, lightly drained)
The bolt of fire hits the swamp dragon!!
The swamp dragon is almost dead.
You are engulfed in poison gas.
You are lethally poisoned!
* * * LOW HITPOINT WARNING * * *
x2 You feel extremely sick.
You block the swamp dragon's attack. x2; The swamp dragon closely misses you.
Unknown command.
Unknown command.
Unknown command.
Aiming: Major Destruction (0% risk of failure)
Press: ? - help, Shift-Dir - straight line, f/p - swamp dragon
Aim: a swamp dragon (almost dead, poisoned, lightly drained)
The bolt of lightning hits the swamp dragon.
The swamp dragon is almost dead.
You are engulfed in poison gas.
You are more poisoned.
* * * LOW HITPOINT WARNING * * *
You die...

.................................
.................................
.................................
................♣≈...............
...............≈≈♣♣..............
.............§♣≈≈♣♣○.............
.............♣§≈≈§○°☼............
#............♣≈D§○≈♣.............
.............≈≈§@○§°.^...........
#.....<......≈≈§☼○○♣.............
#............♣~≈○≈♣..............
#.............♣☼≈°≈..............
#..............♣♣♣♣..............
#..............≈≈♣...............
....................#............
#.##.#...............P...........
...⌠.##..........................


You could see a swamp dragon (poisoned, drained).

Vanquished Creatures
  Gastronok (D:8)
  Snorg (Lair:5)
  A bunyip (Swamp:1)
  A fire dragon (Lair:5)
  3 hydras (Lair:5)
  Erica (Lair:1)
  A boulder beetle (Lair:5)
  2 orc high priests (Orc:2)
  Nergalle (Lair:1)
  A skyshark (Lair:4)
  Amaemon (Lair:2)
  Pikel (D:9)
  3 orc knights
  2 lindwurms
  3 orc sorcerers
  5 black mambas
  19 elephants
  Maurice (D:8)
  4 molten gargoyles
  A gargoyle (D:10)
  An orange demon (Lair:1)
  11 cane toads
  Psyche (D:10)
  Maggie (D:7)
  5 rime drakes
  12 komodo dragons
  A polar bear (Lair:3)
  A queen bee (Lair:3)
  Grinder (D:6)
  16 blink frogs
  A culicivora (Lair:3)
  5 wraiths (D:8)
  2 jumping spiders (Lair:3)
  39 yaks
  10 wyverns
  2 fire bats (D:8)
  11 basilisks
  5 steam dragons
  Grum (Lair:1)
  3 wargs
  3 hell hounds (Lair:5)
  11 water moccasins
  A black bear (D:5)
  23 orc warriors
  A sky beast (D:7)
  3 centaurs
  9 ogres
  19 wolves
  3 lemures (D:9)
  4 phantoms
  Blork the orc (Orc:2)
  A kobold brigand (D:10)
  2 gnoll sergeants (D:6)
  A wyvern zombie (D:6)
  10 bullfrogs
  A scorpion (D:6)
  A water moccasin zombie (D:6)
  4 wights (D:9)
  36 killer bees
  6 electric eels
  2 howler monkeys (D:7)
  9 lava snakes
  3 centaur zombies
  A gnoll bouda (D:6)
  2 hounds (D:5)
  2 jellies
  16 orc priests
  Crazy Yiuf (D:3)
  A bullfrog zombie (D:6)
  3 iguanas
  18 orc wizards
  Ijyb (D:3)
  2 killer bee zombies (D:6)
  6 mummies (Ossuary)
  5 adders
  15 gnolls
  3 shadow imps
  A white imp (D:6)
  A worm (D:3)
  3 dart slugs (D:1)
  64 orcs
  6 ball pythons
  8 endoplasms
  5 giant cockroaches
  2 gnoll zombies (Ossuary)
  3 goblins
  2 hobgoblins
  15 kobolds
  2 quokkas
  13 bats
  A frilled lizard (D:3)
  A goblin zombie (D:4)
  3 hobgoblin zombies (Ossuary)
  2 orc zombies (Ossuary)
  6 rats
  A rat zombie (D:4)
551 creatures vanquished.

Vanquished Creatures (collateral kills)
  Rupert (Orc:2)
  An orc warlord (Orc:2)
  Joseph (Lair:1)
  2 orc warriors (Orc:2)
  3 wolves (Lair:1)
  A killer bee (Lair:3)
  2 orc wizards (Orc:2)
11 creatures vanquished.

Vanquished Creatures (others)
  A lemure (D:9)
  A killer bee (Lair:3)
  34 fungi
  22 plants
58 creatures vanquished.

Grand Total: 620 creatures vanquished

Notes
Turn   | Place    | Note
-------+----------+-------------------------------------------
     0 | D:1      | Newt the Demonspawn Gladiator began the quest for the Orb.
     0 | D:1      | Reached XP level 1. HP: 16/16 MP: 1/1
   240 | D:1      | Gained mutation: You have large cloven feet. [demonic
                  | ancestry]
   240 | D:1      | Reached XP level 2. HP: 19/23 MP: 2/2
   780 | D:1      | Found a faded altar of an unknown god.
  1111 | D:2      | Found Pubal's Antique Armour Boutique.
  1213 | D:2      | Reached XP level 3. HP: 29/29 MP: 3/3
  1885 | D:2      | Reached skill level 1 in Maces & Flails
  1890 | D:2      | Reached XP level 4. HP: 17/37 MP: 4/4
  2253 | D:3      | Reached skill level 2 in Maces & Flails
  2358 | D:3      | Identified the +0 ring mail "Waod Ceo" {rElec}
  2469 | D:3      | Found a runed translucent door.
  2470 | D:3      | Noticed Crazy Yiuf
  2602 | D:3      | Noticed Ijyb
  2611 | D:3      | Killed Ijyb
  2875 | D:3      | Killed Crazy Yiuf
  2876 | D:3      | Reached skill level 3 in Maces & Flails
  2876 | D:3      | Reached XP level 5. HP: 30/42 MP: 5/5
  2926 | D:4      | Noticed a phantom
  2944 | D:4      | Killed a phantom
  2945 | D:4      | Reached skill level 4 in Maces & Flails
  3087 | D:4      | Found a sand-covered staircase.
  3094 | Ossuary  | Entered an ossuary
  3134 | Ossuary  | Gained mutation: Spells you cast may paralyse adjacent
                  | enemies. [demonic ancestry]
  3134 | Ossuary  | Reached XP level 6. HP: 48/48 MP: 6/6
  3660 | D:4      | Learned a level 2 spell: Wereblood
  3835 | D:4      | Reached skill level 5 in Maces & Flails
  4155 | D:5      | Entered Level 5 of the Dungeon
  4155 | D:5      | Found the Hermit's Pendant {Faith Invo=14 Evo=0 MP+5}
  4176 | D:5      | Reached XP level 7. HP: 51/54 MP: 7/7
  4245 | D:5      | Reached skill level 6 in Maces & Flails
  4245 | D:5      | Reached skill level 1 in Armour
  4737 | D:5      | Gained mutation: You are partially covered in sharp spines.
                  | [demonic ancestry]
  4737 | D:5      | Reached XP level 8. HP: 60/60 MP: 8/8
  4933 | D:6      | Reached skill level 7 in Maces & Flails
  5210 | D:6      | Reached skill level 8 in Maces & Flails
  5252 | D:6      | Noticed Grinder
  5283 | D:6      | Paralysed by Grinder for 4 turns
  5287 | D:6      | Killed Grinder
  5861 | D:6      | Reached skill level 9 in Maces & Flails
  6075 | D:6      | Reached XP level 9. HP: 48/67 MP: 9/9
  6144 | D:6      | Reached skill level 5 in Fighting
  6174 | D:6      | Found a basalt altar of Yredelemnul.
  6301 | D:6      | Found a staircase to the Ecumenical Temple.
  6443 | D:6      | Found Muidaer's Merry Market.
  6478 | Temple   | Entered the Ecumenical Temple
  6582 | Temple   | Became a worshipper of Makhleb the Destroyer
  6938 | D:7      | Noticed Maggie
  6956 | D:7      | Killed Maggie
  6957 | D:7      | Reached skill level 1 in Spellcasting
  6957 | D:7      | Reached skill level 1 in Transmutations
  7611 | D:7      | Reached * piety under Makhleb
  8156 | D:8      | Noticed Gastronok
  8213 | D:8      | HP: 1/69 [Gastronok (28)]
  8244 | D:8      | Killed Gastronok
  8245 | D:8      | Reached skill level 5 in Spellcasting
  8245 | D:8      | Reached skill level 5 in Transmutations
  8245 | D:8      | Gained mutation: Spells you cast may paralyse nearby
                  | enemies. [demonic ancestry]
  8245 | D:8      | Reached XP level 10. HP: 40/76 MP: 20/20
  8477 | D:8      | Found a shimmering altar of Xom.
  8477 | D:8      | Found a radiant altar of Vehumet.
  8492 | D:8      | Reached ** piety under Makhleb
  8640 | D:8      | Found a runed translucent door.
  8642 | D:8      | Noticed Maurice
  9216 | D:8      | Found a sacrificial altar of Ru.
  9228 | D:8      | Noticed a flayed ghost
  9303 | D:8      | Found a shimmering blue altar of Sif Muna.
  9312 | D:8      | Found a basalt altar of Yredelemnul.
  9658 | D:8      | Found a shimmering blue altar of Sif Muna.
  9668 | D:8      | Found an ancient bone altar of Kikubaaqudgha.
  9736 | D:8      | Found an opulent altar of Gozag.
  9844 | D:8      | Killed Maurice
 10357 | D:9      | Found a staircase to the Orcish Mines.
 10386 | D:9      | Noticed Pikel
 10418 | D:9      | Killed Pikel
 10960 | D:9      | Reached *** piety under Makhleb
 11771 | D:9      | Found a staircase to the Lair.
 12022 | D:10     | Entered Level 10 of the Dungeon
 12040 | D:10     | Found Waovoh's Distillery.
 12042 | D:10     | Found a transporter.
 12048 | D:10     | Bought a potion of heal wounds for 60 gold pieces
 12048 | D:10     | Bought a potion of heal wounds for 60 gold pieces
 12048 | D:10     | Found a transporter.
 12110 | D:10     | Noticed a gargoyle
 12119 | D:10     | Killed a gargoyle
 12218 | D:10     | Reached skill level 5 in Armour
 12218 | D:10     | Reached XP level 11. HP: 75/78 MP: 22/22
 12366 | D:10     | Found a transporter.
 12366 | D:10     | Found a transporter.
 12370 | D:10     | Noticed Psyche
 12393 | D:10     | Killed Psyche
 12561 | D:10     | Noticed a skeletal warrior
 12561 | D:10     | Noticed a skeletal warrior
 12561 | D:10     | Noticed a skeletal warrior
 12561 | D:10     | Noticed a skeletal warrior
 12875 | Lair:1   | Entered Level 1 of the Lair of Beasts
 13355 | Lair:1   | Noticed Grum
 13360 | Lair:1   | Noticed Joseph
 13375 | Lair:1   | Killed Grum
 13386 | Lair:1   | Killed Joseph
 14209 | Lair:1   | Noticed Erica
 14222 | Lair:1   | Noticed Amaemon
 14223 | Lair:1   | Killed Erica
 14491 | Lair:2   | Killed Amaemon
 14595 | Lair:1   | Reached **** piety under Makhleb
 14835 | Lair:1   | Noticed Nergalle
 14857 | Lair:1   | Killed Nergalle
 15299 | Lair:2   | Reached skill level 10 in Armour
 15713 | Lair:2   | Gained mutation: You are mostly covered in sharp spines.
                  | [demonic ancestry]
 15713 | Lair:2   | Reached XP level 12. HP: 48/88 MP: 23/23
 16330 | Lair:2   | Reached skill level 10 in Maces & Flails
 16543 | Lair:2   | Found a staircase to the Swamp.
 17452 | Lair:3   | Reached skill level 11 in Maces & Flails
 17792 | Lair:3   | Reached ***** piety under Makhleb
 17862 | Lair:3   | Reached skill level 12 in Maces & Flails
 18946 | Lair:3   | Gained mutation: You are partially covered in large bone
                  | plates. (SH +4) [demonic ancestry]
 18946 | Lair:3   | Reached XP level 13. HP: 101/101 MP: 24/24
 18956 | Lair:3   | Reached skill level 10 in Fighting
 18956 | Lair:3   | Reached XP level 14. HP: 111/111 MP: 25/25
 19170 | Lair:3   | Reached skill level 1 in Shields
 19266 | Lair:3   | Found a hole to the Spider Nest.
 19646 | Lair:4   | Found a shadowy altar of Dithmenos.
 19793 | Lair:4   | Reached skill level 5 in Shields
 20222 | Lair:4   | Learned a level 3 spell: Ignite Poison
 20351 | Lair:4   | Reached skill level 1 in Poison Magic
 20426 | Lair:4   | Reached skill level 1 in Fire Magic
 20891 | Lair:5   | Entered Level 5 of the Lair of Beasts
 21075 | Lair:5   | Reached ****** piety under Makhleb
 21385 | Lair:5   | Found a large runed translucent door.
 21385 | Lair:5   | Found a large runed translucent door.
 21570 | Lair:5   | Noticed Snorg
 21581 | Lair:5   | Killed Snorg
 21711 | Lair:5   | Found a staircase to the Slime Pits.
 21784 | Lair:5   | Reached skill level 5 in Poison Magic
 21826 | Lair:5   | Reached skill level 5 in Fire Magic
 22548 | Lair:5   | Identified the +0 short sword of Ypesm {venom, rPois rN+
                  | Int+2 Dex-3}
 22930 | Orc:1    | Entered Level 1 of the Orcish Mines
 23213 | Orc:2    | Entered Level 2 of the Orcish Mines
 23256 | Orc:2    | Noticed Blork the orc
 23269 | Orc:2    | Killed Blork the orc
 23283 | Orc:2    | Noticed an orc warlord
 23978 | Orc:1    | Gained mutation: You are mostly covered in large bone
                  | plates. (SH +6) [demonic ancestry]
 23978 | Orc:1    | Reached XP level 15. HP: 92/117 MP: 26/26
 24301 | Orc:2    | Noticed Rupert
 24323 | Orc:2    | Killed Rupert
 24617 | Orc:2    | Found a radiant altar of Vehumet.
 24695 | Orc:2    | Found a staircase to the Elven Halls.
 25005 | Orc:2    | Found Izxeukyff's Antique Armour Shop.
 25009 | Orc:2    | Found Meidgh's Jewellery Shop.
 25172 | Orc:2    | Bought a heavily runed scarf for 380 gold pieces
 25172 | Orc:2    | Identified the scarf of the Villain {rC+ rF+, Dex+5} (You
                  | bought it in a shop on level 2 of the Orcish Mines)
 25234 | Orc:2    | Found Seik's Antique Weapon Shop.
 25272 | Orc:2    | Found Suymo's General Store.
 25295 | Orc:2    | Bought a fine troll leather armour for 760 gold pieces
 25295 | Orc:2    | Identified the +0 troll leather armour of the Farmer
                  | {Regen+ Str+3} (You bought it in a shop on level 2 of the
                  | Orcish Mines)
 25646 | Swamp:1  | Entered Level 1 of the Swamp
 25704 | Lair:2   | Succumbed to a swamp dragon's poison gas

Illustrated notes

Levels and vault maps discovered:
D:1:      scummos_arrival_forest, layout_loops_corners,
          dreamdust_ecumenical_altar_angels_and_demons, kennysheep_flooded_box
D:2:      layout_basic, serial_shops, shop
D:3:      layout_loops_ring, uniq_crazy_yiuf_cottage, uniq_ijyb
D:4:      layout_cave_pools, enter_ossuary_4
D:5:      layout_cave_pools, guppyfry_early_orc_mine
D:6:      layout_loops_ring, nicolae_yredelemnul_corpse_copse,
          minmay_temple_entry_mist, nicolae_alphabet_shops, uniq_grinder
D:7:      layout_basic, uniq_maggie
D:8:      due_megacathedral, layout_basic, mainiacjoe_overflow_boulevard,
          mainiacjoe_overflow_large_starburst, uniq_gastronok, uniq_maurice
D:9:      wander_river, layout_loops_cross, elyvilon_altar_1, david_orc_3,
          uniq_pikel
D:10:     layout_roguey, serial_shops, shop, serial_nicolae_subway,
          nicolae_sub_station_stone, nicolae_sub_station_metal,
          nicolae_sub_station_crystal, uniq_psyche
Temple:   minmay_temple_bridge_d
Lair:1:   layout_chaotic_city, nicolae_lair_liquid_snakes, uniq_amaemon,
          uniq_nergalle, uniq_joseph, uniq_erica, uniq_grum
Lair:2:   layout_cave_shapes, swamp_mist_pool, serial_bayou_shore_a,
          grunt_megastairs_1, infiniplex_staircase_pool_2
Lair:3:   hangedman_what_comes_after_a, layout_cave_pods,
          spider_nest_entry_funnel_web
Lair:4:   layout_gridlike, basic_altar, lemuel_fruit_tree, grunt_megastairs_3
Lair:5:   cheibrodos_lair_end_hotspot, layout_hall_layers, slime_entry_1,
          uniq_snorg
Swamp:1:  gammafunk_worm_tunnel, layout_basic_swamp,
          evilmike_swamp_ruin_rubble_2, swamp_pool5,
          nicolae_swamp_soggy_hallways, infiniplex_staircase_pool
Orc:1:    layout_caves
Orc:2:    grunt_orc_cross, layout_caves, basic_altar, mines2_david, uniq_rupert

Skill      XL: |  1  2  3  4  5  6  7  8  9 10 11 12 13 14 15 |
---------------+----------------------------------------------+-----
Fighting       | 3 4 6 9 10 | 10.5
Maces & Flails | 1 3 4 5 6 9 12 | 12.7
Armour         | 4 5 10 11 | 11.6
Spellcasting   | 5 7 |  7.3
Transmutations | 5 7 |  7.3
Shields        | 5 |  5.9
Poison Magic   | 7 |  7.0
Fire Magic     | 6 |  6.4
Short Blades   | |  2.6
Throwing       | |  1.7
Dodging        | |  2.6

Action                     |  1- 3 |  4- 6 |  7- 9 | 10-12 | 13-15 || total
---------------------------+-------+-------+-------+-------+-------++-------
  Melee: Rapier            |    22 |       |       |       |       ||    22
         Punch             |     1 |     3 |    10 |    18 |       ||    32
         Whip              |    56 |   172 |   370 |   460 |       ||  1058
         Kick              |    12 |    52 |    14 |       |       ||    78
         Flail             |       |       |       |    11 |       ||    11
         Demon whip        |       |       |       |   437 |   713 ||  1150
  Throw: Throwing net      |     2 |       |     1 |     3 |     3 ||     9
         Javelin           |       |       |     1 |       |       ||     1
   Cast: Wereblood         |       |       |       |    12 |    16 ||    28
         Ignite Poison     |       |       |       |       |    17 ||    17
 Invoke: Lesser Servant of |       |       |       |     3 |       ||     3
         Major Destruction |       |       |       |     2 |     5 ||     7
         Greater Servant o |       |       |       |       |     3 ||     3
  Evoke: Wand              |       |       |     3 |     2 |     1 ||     6
    Use: Scroll            |     7 |    12 |     4 |     9 |     4 ||    36
         Potion            |       |       |     5 |     8 |    12 ||    25
   Stab: Sleeping          |     1 |       |       |       |     1 ||     2
         Distracted        |       |       |       |     1 |       ||     1
         Paralysed         |       |       |       |    19 |    23 ||    42
         Held in net/web   |       |       |       |       |     1 ||     1
 Armour: Leather armour    |    15 |       |       |       |    46 ||    61
         Scale mail        |     5 |    78 |   168 |   368 |   203 ||   822
         Crystal plate arm |       |       |       |    28 |       ||    28
         Ring mail         |       |       |       |     1 |       ||     1
         Troll leather arm |       |       |       |       |     9 ||     9
  Dodge: Dodged            |    45 |    77 |   128 |   347 |   204 ||   801
  Block: Kite shield       |       |       |       |       |   463 ||   463

Table legend: (Time is in decaauts)
 A = Elapsed time spent in this place.
 B = Non-inter-level travel time spent in this place.
 C = Inter-level travel time spent in this place.
 D = Time resting spent in this place.
 E = Time spent auto-exploring this place.
 F = Levels seen in this place.
 G = Mean time per level.
                   A        B        C        D        E       F      G
               +--------+--------+--------+--------+--------+-----+--------+
         Total |  25105 |  24059 |   1046 |   7879 |  12556 |  20 | 1255.2 |
       Dungeon |  12218 |  11726 |    492 |   3321 |   6808 |  10 | 1221.8 |
        Temple |    177 |     76 |    101 |      0 |     64 |   1 |  177.0 |
          Lair |   9719 |   9408 |    311 |   3443 |   4526 |   5 | 1943.8 |
         Swamp |     42 |     42 |      0 |      0 |     17 |   1 |   42.0 |
  Orcish Mines |   2570 |   2431 |    139 |   1060 |    976 |   2 | 1285.0 |
       Ossuary |    377 |    377 |      0 |     54 |    164 |   1 |  377.0 |
               +--------+--------+--------+--------+--------+-----+--------+

Top non-repeatable levels by time:
     D:8: 2778 daAuts
  Lair:2: 2719 daAuts
  Lair:1: 2074 daAuts
  Lair:5: 1848 daAuts
  Lair:3: 1846 daAuts
     D:9: 1352 daAuts
   Orc:2: 1333 daAuts
   Orc:1: 1237 daAuts
  Lair:4: 1230 daAuts
     D:5: 1205 daAuts
     D:6: 1179 daAuts
     D:7: 1159 daAuts
     D:1: 1106 daAuts
     D:2: 1077 daAuts
     D:4: 837 daAuts
